 Dungeon Sprint DCSS version 0.31-a0-473-g61b50ae490 (webtiles) character file.

Game seed: 4027223119385127689

548 zazu2006 the Fighter (level 7, -7/69 HPs)
             Began as a Gnoll Wanderer on Aug 6, 2023.
             Was an Initiate of Vehumet.
             Mangled by a hornet (10 damage)
             ... in the Dungeon (Sprint II: "The Violet Keep of Menkaure").
             The game lasted 00:04:01 (435 turns).

zazu2006 the Fighter (Gnoll Wanderer)                Turns: 435, Time: 00:04:01

Health: -7/69      AC:  7    Str: 11    XL:     7   Next: 28%
Magic:  15/15      EV: 15    Int: 11    God:    Vehumet [......]
Gold:   729        SH:  0    Dex: 14    Spells: 16/16 levels left

rFire   . . .        a - +0 dagger
rCold   . . .        (no shield)
rNeg    . . .        e - +2 leather armour
rPois   .            (no helmet)
rElec   .            (no cloak)
rCorr   .            (no gloves)
SInv    .            (no boots)
Will    .....        (no amulet)
Stlth   +++          (no ring)
HPRegen 0.31/turn    (no ring)
MPRegen 0.14/turn

%: no teleportation
@: no status effects
A: fangs 1, strong nose, distributed training, iridescent scales 1
a: Renounce Religion


You were in the Dungeon.
You worshipped Vehumet.
Vehumet was noncommittal.
You visited 1 branch You collected 729 gold pieces.

Inventory:

Hand Weapons
 a - a +0 dagger (weapon)
Armour
 e - a +2 leather armour (worn)
Scrolls
 b - a scroll of teleportation
 c - a scroll of vulnerability
 k - a scroll of blinking
Potions
 i - 2 potions of magic


   Skills:
 + Level 11.7 Fighting
 + Level 5.4 Short Blades
 + Level 5.4 Long Blades
 + Level 5.4 Axes
 + Level 5.4 Maces & Flails
 + Level 5.4 Polearms
 + Level 5.4 Staves
 + Level 5.4 Ranged Weapons
 + Level 6.1 Throwing
 + Level 5.4 Armour
 + Level 8.6 Dodging
 + Level 6.0 Stealth
 + Level 5.4 Shields
 + Level 5.4 Unarmed Combat
 + Level 5.4 Spellcasting
 + Level 4.5 Conjurations
 + Level 4.5 Hexes
 + Level 4.5 Summonings
 + Level 4.5 Necromancy
 + Level 4.5 Translocations
 + Level 4.5 Transmutations
 + Level 4.5 Fire Magic
 + Level 4.5 Ice Magic
 + Level 4.5 Air Magic
 + Level 4.5 Earth Magic
 + Level 4.5 Poison Magic
 + Level 6.0 Invocations
 + Level 5.4 Evocations
 + Level 4.5 Shapeshifting


You had 16 spell levels left.
You didn't know any spells.
Your spell library was empty.

Dungeon Overview and Level Annotations

Branches:
Dungeon (1/1)

Altars:
Cheibriados
Dithmenos
Elyvilon
Fedhas
Gozag
Hepliaklqana
Kikubaaqudgha
Makhleb
Nemelex Xobeh
Okawaru
Qazlal
Ru
Sif Muna
Trog
Uskayaw
Vehumet
Wu Jian
Xom
Yredelemnul
Zin
The Shining One
Jiyva
Lugonu

Annotations:
D exclusions: ice statue and obsidian statue


Innate Abilities, Weirdness & Mutations

You have very sharp teeth.
Your uncanny sense of smell can sniff out nearby items.
Your experience applies equally to all skills.
You are partially covered in iridescent scales. (AC +2)


Message History

Really walk into a travel-excluded area?
Found three altars.
You are engulfed in a cloud of scalding steam.
Found four altars.
Found a shadowy altar of Dithmenos and a corrupted altar of Lugonu.
You enter the shallow water.
Moving in this stuff is going to be slow.
Found a white marble altar of Elyvilon and a burning altar of Makhleb.
Found a blossoming altar of Fedhas.
You open the door.
A hornet and a polar bear come into view.
Found a dagger, a dented diamond amulet, a pair of boots and 9 gold pieces.
Found five altars.
The polar bear growls angrily.
You hear an angry growl. x2
The hornet buzzes angrily.
A polar bear comes into view.
A yaktaur comes into view.
The hornet moves out of view.
There is an open door here.
Found nine items.
Found three altars.
You close the door.
Found 9 stones, a scroll of vulnerability and a metallic inky potion.
Found 2 poisoned darts and 12 gold pieces.
Found 10 gold pieces.
A yaktaur opens the door.
There is a burning altar of Makhleb here.
The water moccasin hisses angrily.
The yaktaur wields a +0 arbalest.
The yaktaur shoots a bolt.
The bolt hits you!
The yaktaur shoots a bolt.
The bolt hits you!!
There is a radiant altar of Vehumet, spattered with blood here.
You kneel at the altar of Vehumet.
Vehumet welcomes you!
The yaktaur shoots a bolt.
The bolt hits you!!
* * * LOW HITPOINT WARNING * * *
Okay, then.
You feel better.
The yaktaur shoots a bolt.
The bolt hits you!!
* * * LOW HITPOINT WARNING * * *
Unknown command.
Press < or > to pray at altars.
The water moccasin hisses angrily.
The hornet stings you!
You die...

~§§....~#'########+###
~~~~~..~#.._.....#~§§##
~~~~~~.~#c_._....#§~≈≈#
≈≈≈~~~~~#_._._...#§~~~≈
~≈≈≈≈~~~#._._._..#§§§§§§
≈≈≈≈§§≈~#_._._._.#~~§~~≈
§≈≈###§§#._._._._#§§§§§~
∆#≈§#_._._hy.#S~≈≈S≈
#§§#..._._.@#S≈§§
≈≈§##########~§≈§▓z
####~~~~~~~~§≈§§§ z
###~########≈▓▓▓ ##~
∆∆∆∆∆∆ ▓▓ S+ ∆∆∆∆∆∆
∆∆∆∆∆∆ ∆∆∆∆∆∆


You could see a polar bear, a yaktaur, a hornet, 3 water moccasins and 2 flying
skulls.

Vanquished Creatures
  A merfolk siren (D)
  3 neqoxecs (D)
  Menkaure (D)
  3 worms (D)
8 creatures vanquished.

Vanquished Creatures (others)
  A neqoxec (D)
1 creature vanquished.

Grand Total: 9 creatures vanquished

Notes
Turn   | Place    | Note
-------+----------+-------------------------------------------
     0 | D        | Reached skill level 10 in Fighting
     0 | D        | zazu2006 the Gnoll Wanderer began the quest for the Orb.
     0 | D        | zazu2006 set off with the following items: a +0 dagger, a
                  | scroll of teleportation, a scroll of vulnerability, a
                  | potion of lignification, a +2 leather armour, a potion of
                  | curing, a potion of heal wounds, a potion of haste, 2
                  | potions of magic, a potion of berserk rage, a scroll of
                  | blinking.
     0 | D        | Reached XP level 1. HP: 29/29 MP: 1/1
     1 | D        | Noticed a neqoxec
     2 | D        | Noticed a neqoxec
     5 | D        | Gained mutation: You are partially covered in iridescent
                  | scales. (AC +2) [a neqoxec]
     6 | D        | Killed a neqoxec
     7 | D        | Reached XP level 2. HP: 36/36 MP: 1/6
     7 | D        | Reached XP level 3. HP: 42/42 MP: 1/7
     7 | D        | Reached XP level 4. HP: 49/49 MP: 1/8
     7 | D        | Reached XP level 5. HP: 54/54 MP: 1/9
    19 | D        | Killed a neqoxec
    20 | D        | Reached skill level 11 in Fighting
    20 | D        | Reached skill level 5 in Throwing
    20 | D        | Reached XP level 6. HP: 62/62 MP: 1/12
    20 | D        | Noticed a neqoxec
    20 | D        | Noticed a neqoxec
    26 | D        | Killed a neqoxec
    26 | D        | Killed a neqoxec
    27 | D        | Reached skill level 5 in Stealth
    59 | D        | Noticed an ice statue
    90 | D        | Noticed a merfolk siren
   114 | D        | Noticed Menkaure
   138 | D        | Killed Menkaure
   139 | D        | Reached skill level 5 in Invocations
   147 | D        | Killed a merfolk siren
   148 | D        | Reached skill level 5 in Short Blades
   148 | D        | Reached skill level 5 in Long Blades
   148 | D        | Reached skill level 5 in Axes
   148 | D        | Reached skill level 5 in Maces & Flails
   148 | D        | Reached skill level 5 in Polearms
   148 | D        | Reached skill level 5 in Staves
   148 | D        | Reached skill level 5 in Ranged Weapons
   148 | D        | Reached skill level 5 in Armour
   148 | D        | Reached skill level 5 in Shields
   148 | D        | Reached skill level 5 in Unarmed Combat
   148 | D        | Reached skill level 5 in Spellcasting
   148 | D        | Reached skill level 5 in Evocations
   148 | D        | Reached XP level 7. HP: 10/69 MP: 12/15
   391 | D        | Noticed an obsidian statue
   403 | D        | Noticed a boulder beetle
   403 | D        | Noticed a boulder beetle
   414 | D        | Found a stormy altar of Qazlal.
   414 | D        | Found an ornate altar of the Wu Jian Council.
   415 | D        | Found a hazy altar of Hepliaklqana.
   415 | D        | Found a sacrificial altar of Ru.
   416 | D        | Found a viscous altar of Jiyva.
   416 | D        | Found a shimmering blue altar of Sif Muna.
   417 | D        | Found a snail-covered altar of Cheibriados.
   417 | D        | Found an ancient bone altar of Kikubaaqudgha.
   417 | D        | Found a shimmering altar of Xom.
   417 | D        | Found a bloodstained altar of Trog.
   418 | D        | Found a shadowy altar of Dithmenos.
   418 | D        | Found a corrupted altar of Lugonu.
   419 | D        | Found a white marble altar of Elyvilon.
   419 | D        | Found a burning altar of Makhleb.
   420 | D        | Found a blossoming altar of Fedhas.
   422 | D        | Found an opulent altar of Gozag.
   422 | D        | Found a glowing golden altar of the Shining One.
   422 | D        | Found a basalt altar of Yredelemnul.
   422 | D        | Found a hide-covered altar of Uskayaw.
   422 | D        | Found a sparkling altar of Nemelex Xobeh.
   422 | D        | Noticed a hornet
   422 | D        | Noticed a polar bear
   422 | D        | Noticed a polar bear
   422 | D        | Noticed a yaktaur
   423 | D        | Found a glowing silver altar of Zin.
   423 | D        | Found a radiant altar of Vehumet.
   423 | D        | Found an iron altar of Okawaru.
   432 | D        | Became a worshipper of Vehumet
   433 | D        | HP: 2/69 [yaktaur/bolt (20)]
   435 | D        | Noticed a flying skull
   435 | D        | Noticed a flying skull
   435 | D        | Mangled by a hornet

Illustrated notes

Levels and vault maps discovered:
D:        the_violet_keep_of_menkaure [sprint2_stairs_cluster_1,
          sprint2_shoproom, sprint2_temple, sprint2_basic_supplies,
          sprint2_obstacle_3, sprint2_obstacle_7, sprint2_obstacle_2,
          sprint2_obstacle_5, sprint2_obstacle_4, sprint2_timed_cluster_1,
          sprint2_smallroom_cluster_1, sprint2_smallroom_final_cluster_1,
          sprint2_transparent_cluster_1, sprint2_second_timed_cluster_1,
          sprint2_sniper_area_1, sprint2_heavy_combat_area_1,
          sprint2_mutation_trap_area_1, sprint2_forest_area_1,
          sprint2_light_combat_area_1, sprint2_behind_water_1,
          sprint2_near_end_vault_1]

Skill      XL: |  1  2  3  4  5  6 |
---------------+-------------------+-----
Fighting       | 11 | 11.7
Short Blades   | 3 4 5 |  5.4
Long Blades    | 3 4 5 |  5.4
Axes           | 3 4 5 |  5.4
Maces & Flails | 3 4 5 |  5.4
Polearms       | 3 4 5 |  5.4
Staves         | 3 4 5 |  5.4
Ranged Weapons | 3 4 5 |  5.4
Throwing       | 4 5 6 |  6.1
Armour         | 3 4 5 |  5.4
Dodging        | 7 8 |  8.6
Stealth        | 4 6 |  6.0
Shields        | 3 4 5 |  5.4
Unarmed Combat | 3 4 5 |  5.4
Spellcasting   | 3 4 5 |  5.4
Conjurations   | 2 3 4 |  4.5
Hexes          | 2 3 4 |  4.5
Summonings     | 2 3 4 |  4.5
Necromancy     | 2 3 4 |  4.5
Translocations | 2 3 4 |  4.5
Transmutations | 2 3 4 |  4.5
Fire Magic     | 2 3 4 |  4.5
Ice Magic      | 2 3 4 |  4.5
Air Magic      | 2 3 4 |  4.5
Earth Magic    | 2 3 4 |  4.5
Poison Magic   | 2 3 4 |  4.5
Invocations    | 3 4 6 |  6.0
Evocations     | 3 4 5 |  5.4
Shapeshifting  | 2 3 4 |  4.5

Action                     |  1- 3 |  4- 6 |  7- 9 || total
---------------------------+-------+-------+-------++-------
  Melee: Dagger            |     3 |    71 |    27 ||   101
         Bite              |     1 |     8 |     7 ||    16
         Punch             |       |     3 |     4 ||     7
    Use: Potion            |     1 |     3 |     1 ||     5
   Stab: Sleeping          |       |       |     1 ||     1
 Armour: Skin              |       |     2 |       ||     2
         Leather armour    |       |       |     1 ||     1
  Dodge: Dodged            |     1 |    10 |     8 ||    19

Table legend: (Time is in decaauts)
 A = Elapsed time spent in this place.
 B = Non-inter-level travel time spent in this place.
 C = Inter-level travel time spent in this place.
 D = Time resting spent in this place.
 E = Time spent auto-exploring this place.
 F = Levels seen in this place.
 G = Mean time per level.
                   A        B        C        D        E       F      G
               +--------+--------+--------+--------+--------+-----+--------+
         Total |    400 |    400 |      0 |    202 |      0 |   1 |  400.0 |
       Dungeon |    400 |    400 |      0 |    202 |      0 |   1 |  400.0 |
               +--------+--------+--------+--------+--------+-----+--------+

Top non-repeatable levels by time:
       D: 400 daAuts
